 Dungeon Crawl Stone Soup version 0.29-a0-330-g52719c12eb (webtiles) character file.

Game seed: 11598733887681159167

710 Alarak the Cleaver (level 7, -6/64 HPs)
             Began as a Hill Orc Monk on Apr 22, 2022.
             Was a Priest of Zin.
             Mangled by an orc warrior
             ... wielding a +3 halberd
              (16 damage)
             ... on level 7 of the Dungeon on Apr 23, 2022.
             The game lasted 00:14:09 (4964 turns).

Alarak the Cleaver (Hill Orc Monk)                  Turns: 4964, Time: 00:14:10

Health: -6/64      AC: 12    Str: 16    XL:     7   Next: 68%
Magic:  10/10      EV:  7    Int: 10    God:    Zin [***...]
Gold:   115        SH:  0    Dex: 13    Spells: 6/6 levels left

rFire   . . .      SeeInvis .   u - +7 staff of the Meek {protect, meekguard}
rCold   . . .      Faith    .   (shield currently unavailable)
rNeg    . . .      Spirit   .   o - +0 chain mail
rPois   .          Reflect  .   (no helmet)
rElec   .          Harm     .   (no cloak)
rCorr   .          Rampage  .   (no gloves)
Will    .....                   (no boots)
Stlth   ..........              (no amulet)
HPRegen 0.20/turn               r - +4 ring of protection
MPRegen 0.12/turn               (no ring)

@: no status effects
A: no striking features
a: Renounce Religion, Recite, Vitalisation, Imprison, Donate Gold


You were on level 7 of the Dungeon.
You worshipped Zin.
Zin was most pleased with you.
You visited 1 branch of the dungeon, and saw 6 of its levels.

You collected 127 gold pieces.
You donated 12 gold pieces to Zin.

Inventory:

Hand Weapons
 a - a +1 hand axe
 q - a +1 flail of holy wrath
 u - the +7 staff of the Meek (weapon) {protect, meekguard}
   (You found it on level 3 of the Dungeon)

   It grants its wielder temporary protection when it strikes (+7 to AC).
   It provides extra protection to wielders with little health.
Armour
 b - a +0 robe
 h - a +0 leather armour
 o - a +0 chain mail (worn)
Jewellery
 r - a +4 ring of protection (left hand)
Wands
 l - a wand of iceblast (9)
Scrolls
 j - a scroll of identify
 k - a scroll of torment {unknown}
 n - a scroll of amnesia {unknown}
 p - a scroll of fear
 t - a scroll of teleportation
Potions
 c - 2 potions of ambrosia
 d - a potion of cancellation
 e - 3 potions of curing
 f - a potion of flight
 g - a potion of might
 i - a potion of attraction {unknown}
 m - a potion of resistance
 s - 3 potions of heal wounds {unknown}


   Skills:
 - Level 6.7 Fighting
 - Level 8.3 Axes
 - Level 2.4 Dodging
 - Level 1.5 Stealth
 + Level 4.6 Invocations


You had 6 spell levels left.
You didn't know any spells.
Your spell library was empty.

Dungeon Overview and Level Annotations

Branches:
Dungeon (7/15)
 Temple: D:4-7

Altars:
Zin
Beogh

Shops:
D:3 :**   D:4 ?   D:7 (

Annotations:
D:7 3 runed translucent doors


Message History

The orc warrior is lightly wounded.
The centaur shoots an arrow.
The arrow hits you but does no damage.
The centaur shoots an arrow.
The arrow hits you but does no damage.
The orc warrior is lost in a daze.
The centaur is lost in a daze.
The orc warrior is lost in a daze.
There is a stone staircase leading down, spattered with blood here.
Unknown command.
You can't go up here!
The centaur is lost in a daze.
The orc warrior hits you from afar with a +3 halberd.
You climb downwards.
Level annotation: 3 runed translucent doors
There is a stone staircase leading up here.
You start resting.
You are ready to recite again.
You start resting.
HP restored.
You climb upwards.
The centaur shoots an arrow.
The arrow hits you but does no damage.
The centaur shoots an arrow.
The arrow hits you but does no damage. The orc warrior closely misses you.
The centaur shoots an arrow.
The arrow hits you.
There is a stone staircase leading down, spattered with blood here.
The centaur shoots an arrow.
The arrow hits you.
The orc warrior hits you with a +3 halberd!
The centaur shoots an arrow.
The arrow barely misses you.
There is a stone staircase leading down, spattered with blood here.
The centaur shoots an arrow.
The arrow hits you.
The orc warrior hits you with a +3 halberd.
You climb downwards.
Level annotation: 3 runed translucent doors
There is a stone staircase leading up here.
You completely miss the orc warrior.
The orc warrior hits you with a +3 halberd!!
* * * LOW HITPOINT WARNING * * *
You are too injured to fight recklessly!
The orc warrior attacks as you move away!
The orc warrior hits you with a +3 halberd!
* * * LOW HITPOINT WARNING * * *
The orc warrior hits you from afar with a +3 halberd!
You die...

.. . ......#.# #.# # #
.#. .....#.#######.#.#.#
.. .
#######..........?#.#.#.
#..
........................
#######.#.#######.#.....
.... #.#.# #.#.#.#.
.....##.#.#######.......
........#...............
####.##@#.###.#####.....
...# .# #.##<#.# #.#
##.#. #..# #..# #.##o#.#
#.# .# #..#
#..####......# #.# #
##..###......(...#####.#
........................
.#..#....####.########.#
.#..#....# #.########.#
.........# #........


You could see an orc warrior.

Vanquished Creatures
  A sky beast (D:7)
  An ice beast (D:7)
  An ogre (D:7)
  A howler monkey (D:4)
  2 orc priests
  A hound (D:4)
  A jelly (D:7)
  A gnoll shaman (D:3)
  Terence (D:2)
  Robin (D:3)
  8 gnolls
  2 adders (D:2)
  A white imp (D:7)
  A worm (D:4)
  A dart slug (D:3)
  15 orcs
  5 endoplasms
  A giant cockroach (D:3)
  17 goblins
  9 hobgoblins
  4 kobolds
  4 quokkas
  9 ball pythons
  7 bats
  3 frilled lizards
  6 rats
104 creatures vanquished.

Notes
Turn   | Place    | Note
-------+----------+-------------------------------------------
     0 | D:1      | Alarak the Hill Orc Monk began the quest for the Orb.
     0 | D:1      | Reached XP level 1. HP: 19/19 MP: 1/1
   280 | D:1      | Reached XP level 2. HP: 26/26 MP: 2/2
   341 | D:1      | Reached skill level 5 in Axes
   542 | D:1      | Found a faded altar of an unknown god.
   571 | D:1      | Prayed at the altar of an unknown god.
   571 | D:1      | Became a worshipper of Zin the Law-Giver
   571 | D:1      | Reached * piety under Zin
   571 | D:1      | Reached ** piety under Zin
   725 | D:1      | Reached *** piety under Zin
  1079 | D:2      | Reached XP level 3. HP: 14/31 MP: 3/3
  1687 | D:2      | Reached skill level 6 in Axes
  1959 | D:2      | Noticed Terence
  1980 | D:2      | Killed Terence
  1981 | D:2      | Reached XP level 4. HP: 10/39 MP: 4/4
  2291 | D:2      | Reached skill level 7 in Axes
  2767 | D:2      | Reached XP level 5. HP: 42/45 MP: 5/5
  3088 | D:3      | Reached skill level 8 in Axes
  3172 | D:3      | Found the +7 staff of the Meek {protect, meekguard}
  3173 | D:3      | Found a roughly hewn altar of Beogh.
  3246 | D:3      | Found Poll's Book Shoppe.
  3385 | D:3      | Found Xalamuepp's Assorted Antiques.
  3390 | D:3      | Found Kaahu's General Store.
  3464 | D:3      | Noticed Robin
  3473 | D:3      | Killed Robin
  3474 | D:3      | Reached XP level 6. HP: 50/52 MP: 6/6
  3608 | D:3      | Reached skill level 5 in Fighting
  3894 | D:4      | Found Jasicon's Magic Scroll Emporium.
  4256 | D:4      | You fall into a shaft and drop 3 floors!
  4275 | D:7      | Reached XP level 7. HP: 61/64 MP: 7/7
  4334 | D:7      | Found a runed translucent gate.
  4334 | D:7      | Found a runed translucent gate.
  4334 | D:7      | Found a runed translucent gate.
  4373 | D:7      | Reached skill level 1 in Invocations
  4519 | D:7      | Found Qobreqav's Antique Weapon Boutique.
  4964 | D:7      | Mangled by an orc warrior

Illustrated notes

Levels and vault maps discovered:
D:1:      minmay_arrival_jagged, layout_loops_ring,
          chequers_ecumenical_altar_island, st_stairs_9
D:2:      layout_basic, serial_rivers, chequers_serial_rivers_small_a,
          chequers_serial_rivers_micro_a, chequers_serial_rivers_room_b,
          chequers_serial_rivers_marsh, minmay_pentomino_v2, uniq_terence
D:3:      layout_rooms, serial_shops, nicolae_shop_stone, nicolae_shop_crystal,
          nicolae_shop_crystal, minivault_14, pf_guarded_unrand_meek, uniq_robin
D:4:      layout_layer_cave, chequers_temple_overflow_minitemple, serial_shops,
          kennysheep_mini
D:6:      layout_basic, serial_bayou, serial_bayou_pond_e, serial_bayou_pond_a,
          serial_bayou_pond_c, serial_bayou_crossing, chequers_arboretum,
          hangedman_decor_points
D:7:      layout_basic, minmay_temple_entry_overgrown, serial_shops, shop,
          gammafunk_ghost_icy, uniq_duvessa, uniq_prince_ribbit1

Skill      XL: |  1  2  3  4  5  6  7 |
---------------+----------------------+-----
Axes           | 5 6 7 8 |  8.3
Fighting       | 4 6 |  6.7
Invocations    | 4 |  4.6
Dodging        | |  2.4
Stealth        | |  1.5

Action                   |  1- 3 |  4- 6 |  7- 9 || total
-------------------------+-------+-------+-------++-------
Melee: Hand axe          |   106 |    54 |       ||   160
       Punch             |       |     2 |       ||     2
       Quarterstaff      |       |    88 |    28 ||   116
Invok: Recite            |     5 |     8 |     2 ||    15
  Use: Scroll            |     1 |    11 |       ||    12
 Stab: Sleeping          |     3 |       |       ||     3
       Confused          |     3 |     1 |       ||     4
Armor: Robe              |     5 |       |       ||     5
       Leather armour    |     2 |       |       ||     2
       Scale mail        |    14 |    68 |       ||    82
       Chain mail        |       |       |    28 ||    28
Dodge: Dodged            |    63 |    86 |    12 ||   161

Table legend: (Time is in decaauts)
 A = Elapsed time spent in this place.
 B = Non-inter-level travel time spent in this place.
 C = Inter-level travel time spent in this place.
 D = Time resting spent in this place.
 E = Time spent auto-exploring this place.
 F = Levels seen in this place.
 G = Mean time per level.
                   A        B        C        D        E       F      G
               +--------+--------+--------+--------+--------+-----+--------+
         Total |   5023 |   4801 |    222 |   1534 |   2543 |   6 |  837.2 |
       Dungeon |   5023 |   4801 |    222 |   1534 |   2543 |   6 |  837.2 |
               +--------+--------+--------+--------+--------+-----+--------+

Top non-repeatable levels by time:
     D:2: 1744 daAuts
     D:1: 1338 daAuts
     D:3: 783 daAuts
     D:7: 703 daAuts
     D:4: 435 daAuts
     D:6: 16 daAuts
